 Dungeon Crawl Stone Soup version 0.29.0-4-gdea44cf6ec (webtiles) character file.

Game seed: 16681930796543677407

50 qw the Ruffian (level 3, -2/28 HPs)
             Began as a Ghoul Fire Elementalist on Aug 29, 2022.
             Was an Initiate of Okawaru.
             Slain by Sigmund
             ... wielding a +4 scythe of holy wrath
              (7 damage)
             ... on level 2 of the Dungeon.
             The game lasted 00:01:36 (2272 turns).

qw the Ruffian (Ghoul Fire Elementalist)            Turns: 2272, Time: 00:01:37

Health: -2/28      AC:  8    Str: 13    XL:     3   Next: 79%
Magic:  4/4        EV:  5    Int: 10    God:    Okawaru [......]
Gold:   85         SH:  0    Dex:  9    Spells: 4/5 levels left

rFire   . . .      SeeInvis .     - Unarmed
rCold   + . .      Faith    .   (no shield)
rNeg    + + +      Spirit   .   c - +0 chain mail
rPois   inf        Reflect  .   (no helmet)
rElec   .          Harm     .   (no cloak)
rCorr   .          Rampage  .   (no gloves)
Will    .....                   (no boots)
Stlth   ..........              (no amulet)
HPRegen 0.00/turn               (no ring)
MPRegen 0.09/turn               (no ring)

@: inhibited regen
A: claws 1, cold resistance 1, negative energy resistance 3, inhibited
regeneration, torment resistance 2, devour on kill
a: Renounce Religion


You were on level 2 of the Dungeon.
You worshipped Okawaru.
Okawaru was noncommittal.
You visited 1 branch of the dungeon, and saw 2 of its levels.

You collected 85 gold pieces.


Innate Abilities, Weirdness & Mutations

You are immune to poison.
You have sharp fingernails.
Your flesh is cold resistant. (rC+)
You are immune to negative energy. (rN+++)
You do not regenerate when monsters are visible.
You are immune to unholy pain and torment.
You thrive by killing the living.


   Skills:
 - Level 1.2 Fighting
 - Level 1.7 Dodging
 - Level 2.1 Stealth
 + Level 3.2 Unarmed Combat
 - Level 1.7 Spellcasting
 - Level 0.7 Conjurations
 - Level 2.4 Fire Magic


You had 4 spell levels left.
You knew the following spells:

 Your Spells              Type           Power      Damage    Failure   Level
a - Foxfire               Conj/Fire      16%        2x1d4     99%         1

Your spell library contained the following spells:

 Spells                   Type           Power      Damage    Failure   Level
 Scorch                   Fire           10%        2d5       100%        2
 Conjure Flame            Conj/Fire      4%         6-21      100%        3
 Inner Flame              Hex/Fire       3%         N/A       100%        3
 Flame Wave               Conj/Fire      4%         2d5       100%        4

Inventory:

Armour
 c - a +0 chain mail (worn)
Jewellery
 e - a +6 ring of dexterity
Scrolls
 b - a scroll of silence {unknown}
Potions
 a - a potion of lignification {unknown}
 d - a potion of might {unknown}
 f - a potion of curing {unknown}
 g - a potion of flight {unknown}

Dungeon Overview and Level Annotations

Branches:
Dungeon (2/15)

Altars:
Okawaru

Annotations:
D:2 Sigmund


Message History

You scratch the dart slug.
The dart slug is moderately wounded.
The dart slug launches a dart at you. The slug dart hits you.
You claw the dart slug!
The dart slug is almost dead.
You scratch the dart slug.
You kill the dart slug!
Okawaru accepts your kill.
You feel better.
You see here a dart slug corpse.
Found 4 poisoned darts.
b - a scroll labelled KEVOKK BOGGAMN A kobold comes into view.
It is wielding a +0 dagger.
The kobold shouts!
The kobold throws a stone.
The stone hits you but does no damage.
The kobold throws a stone.
The stone hits you but does no damage.
The kobold throws a stone.
The stone hits you but does no damage.
You barely miss the kobold. The kobold barely misses you.
You closely miss the kobold. The kobold barely misses you.
You completely miss the kobold. You scratch the kobold.
You kill the kobold!
Okawaru accepts your kill.
Things that are here:
a +0 dagger; 2 stones; a kobold corpse
e - a +6 ring of dexterity
Enter note: Sigmund the Dreaded comes into view.
He is wielding a +4 scythe of holy wrath.
Sigmund shouts!
Sigmund casts a spell at you. You resist with significant effort.
2270 ||| Stepping ~*~*~tactically~*~*~ (hiding).
Sigmund hits you from afar with a +4 scythe of holy wrath.
You convulse!
Sigmund hits you with a +4 scythe of holy wrath!
You convulse!
You die...

###...####.# .#
.........#.# .#
###...##.#.######.#
##.###..........##
#.# ###.###.....#
#.# #.........# #+#
#####.....# ##...##
##@## #.......##
#@# ....<....# ..#
.........+ ....
.........# ....#
#.......# ##.#.#
#......# ###.#
#.....## ..#
#.._...#


You could see Sigmund.

Vanquished Creatures
  3 dart slugs (D:2)
  3 endoplasms
  4 giant cockroaches
  3 goblins
  3 hobgoblins (D:1)
  2 quokkas (D:1)
  5 ball pythons
  7 bats
  2 frilled lizards (D:1)
  5 kobolds
  4 rats
41 creatures vanquished.

Notes
Turn   | Place    | Note
-------+----------+-------------------------------------------
     0 | D:1      | qw the Ghoul Fire Elementalist began the quest for the Orb.
     0 | D:1      | Reached XP level 1. HP: 14/14 MP: 2/2
     0 | D:1      | 0 ||| qw: Version: 0.1-a-90-g952f4b7
     0 | D:1      | 0 ||| qw: Game counter: 3705
     0 | D:1      | 0 ||| qw: Always use a shield: true
     0 | D:1      | 0 ||| qw: God list: Okawaru
     0 | D:1      | 0 ||| qw: Allow faded altars: false
     0 | D:1      | 0 ||| qw: Do Orc after D:15 true
     0 | D:1      | 0 ||| qw: Do second Lair branch before Depths: true
     0 | D:1      | 0 ||| qw: Lair rune preference: random
     0 | D:1      | 0 ||| qw: Plans: Normal
     0 | D:1      | 0 ||| PLANNING D:1-11
   189 | D:1      | Reached skill level 1 in Unarmed Combat
   261 | D:1      | HP: 2/15 [kobold/+0 whip (2)]
   650 | D:1      | Reached skill level 1 in Fighting
   650 | D:1      | Reached XP level 2. HP: 23/23 MP: 3/3
  1123 | D:1      | Reached skill level 2 in Unarmed Combat
  1322 | D:1      | Reached XP level 3. HP: 25/28 MP: 4/4
  1818 | D:1      | 1818 ||| UPGRADING to +0 chain mail.
  1828 | D:1      | 1828 ||| DROPPING +0 robe.
  1829 | D:1      | 1829 ||| READING scroll labelled FOATOM QUSOUT.
  1834 | D:1      | 1834 ||| DROPPING potion of magic.
  2033 | D:2      | 2033 ||| Stepping ~*~*~tactically~*~*~ (stealth).
  2039 | D:2      | Reached skill level 3 in Unarmed Combat
  2154 | D:2      | Found an iron altar of Okawaru.
  2168 | D:2      | Became a worshipper of Warmaster Okawaru
  2269 | D:2      | Noticed Sigmund
  2270 | D:2      | 2270 ||| Stepping ~*~*~tactically~*~*~ (hiding).
  2272 | D:2      | HP: 5/28 [Sigmund/+4 scythe of holy wrath (8)]
  2272 | D:2      | Slain by Sigmund

Levels and vault maps discovered:
D:1:      erik_arrival_cave_to_civilisation [erik_arrival_cave_to_hall],
          layout_basic, hangedman_feature_mirror
D:2:      layout_loops_corners, basic_altar, chequers_serial_rivers_large_b,
          wad_floor_pattern_1, glass_columns_b, uniq_sigmund

Skill      XL: |  1  2  3 |
---------------+----------+-----
Unarmed Combat | 1 2 3 |  3.2
Fighting       | 1 |  1.2
Dodging        | |  1.7
Stealth        | |  2.1
Spellcasting   | |  1.7
Conjurations   | |  0.7
Fire Magic     | |  2.4

Action                   || total
-------------------------++-------
Melee: Unarmed           ||   143
       Punch             ||     5
  Use: Scroll            ||     1
Armor: Robe              ||    18
       Chain mail        ||    24
Dodge: Dodged            ||    71

Table legend:
 A = Non-vault XP
 B = Vault XP
 C = Vault XP percentage of total XP
 D = Non-vault monster count
 E = Vault monster count
 F = Vault count percentage of total count
                 A         B        C        D         E       F
            +---------+---------+-------+---------+---------+-------
      Total |      69 |       3 |   4.2 |      39 |       2 |   4.9
            +---------+---------+-------+---------+---------+-------
        D:1 |      38 |       3 |   7.3 |      25 |       2 |   7.4
        D:2 |      31 |       0 |   0.0 |      14 |       0 |   0.0
            +---------+---------+-------+---------+---------+-------
